 Dungeon Crawl Stone Soup version 0.30-a0-782-ge64f9170bb (webtiles) character file.

Game seed: 11918929241982390914

16177 bmj180 the Geomancer (level 12, -1/68 HPs)
             Began as a Gargoyle Earth Elementalist on Mar 14, 2023.
             Was a Follower of Vehumet.
             Slain by a +2 demon whip of pain (13 damage)
             ... on level 12 of the Dungeon.
             The game lasted 00:19:51 (12947 turns).

bmj180 the Geomancer (Gargoyle Earth Elementalist) Turns: 12947, Time: 00:19:51

Health: -1/68      AC: 16    Str: 13    XL:     12   Next: 34%
Magic:  17/26      EV: 12    Int: 26    God:    Vehumet [*.....]
Gold:   727        SH:  0    Dex: 10    Spells: 26/31 levels left

rFire   + + .      SeeInvis .    a - +5 eveningstar (venom)
rCold   + . .      Faith    .    (no shield)
rNeg    + . .      Spirit   .    q - +2 animal skin
rPois   ∞          Reflect  .    r - +1 helmet
rElec   +          Harm     .    (no cloak)
rCorr   .          Rampage  .    B - +0 pair of gloves
Will    .....                    (no boots)
Stlth   ++                       z - amulet "Vugaliap" {rF+ rC+ Regen+}
HPRegen 1.11/turn                d - ring of protection from fire
MPRegen 0.20/turn                V - +6 ring of intelligence

@: no status effects
A: sickness immunity, AC +8, negative energy resistance 1, electricity
resistance, torment resistance 1, petrification resistance
a: Renounce Religion


You were on level 12 of the Dungeon.
You worshipped Vehumet.
Vehumet was aware of your devotion.
You visited 2 branches of the dungeon, and saw 13 of its levels.

You collected 727 gold pieces.

Inventory:

Hand Weapons
 a - a +5 eveningstar of venom (weapon)
 k - a +2 morningstar of electrocution
 m - a +3 vampiric dagger
 p - a +1 scimitar of flaming
 F - a +1 trident of venom
 H - a +0 mace of protection
 L - a +2 dagger of venom
 T - a +4 flail
 Y - a +5 flail
Missiles
 e - 169 stones
 f - 15 boomerangs
 l - 47 poisoned darts (quivered)
 y - 4 curare-tipped darts
 C - 4 silver javelins
Armour
 q - a +2 animal skin (worn)
 r - a +1 helmet (worn)
 t - a +0 hat
 x - a scarf of harm
 B - a +0 pair of gloves (worn)
 O - +0 swamp dragon scales
Magical Staves
 S - a staff of death
Jewellery
 d - a ring of protection from fire (left hand)
 g - a ring of resist corrosion
 z - the amulet "Vugaliap" (around neck) {rF+ rC+ Regen+}
   (You found it on level 2 of the Dungeon)

   [amulet of regeneration]

   rF:        It protects you from fire.
   rC:        It protects you from cold.
   Regen:     It increases your rate of health regeneration.
 U - an amulet of the acrobat
 V - a +6 ring of intelligence (right hand)
 W - a ring of see invisible
Wands
 s - a wand of charming (22)
 D - a wand of mindburst (12)
 G - a wand of light (5)
 Z - a wand of flame (15)
Scrolls
 c - 4 scrolls of teleportation
 h - 3 scrolls of immolation
 i - 2 scrolls of poison {unknown}
 u - a scroll of identify
 v - a scroll of amnesia
 I - 3 scrolls of blinking
 K - a scroll of fear
 N - a scroll of magic mapping
Potions
 b - 2 potions of magic
 j - 6 potions of flight
 n - a potion of heal wounds
 o - 2 potions of degeneration
 w - 4 potions of curing
 A - 2 potions of brilliance
 E - 2 potions of cancellation
 J - 2 potions of mutation {unknown}
 M - 5 potions of haste
 P - 2 potions of might {unknown}
 Q - a potion of resistance {unknown}
 R - 3 potions of lignification
 X - 2 potions of invisibility {unknown}


   Skills:
 * Level 5.3 Fighting
 * Level 5.7 Maces & Flails
 - Level 4.0 Throwing
 * Level 6.2 Armour
 + Level 3.1 Dodging
 + Level 3.2 Stealth
 * Level 10.0 Spellcasting
 * Level 6.8 Conjurations
 + Level 0.7 Transmutations
 * Level 2.8 Fire Magic
 * Level 12.1 Earth Magic
 * Level 2.9 Evocations


You had 26 spell levels left.
You knew the following spells:

 Your Spells              Type           Power      Damage    Failure   Level
a - Sandblast             Erth           100%       2d20      1%          1
b - Stone Arrow           Conj/Erth      100%       3d13      1%          3
c - Foxfire               Conj/Fire      100%       2x1d9     1%          1

Your spell library contained the following spells:

 Spells                   Type           Power      Damage    Failure   Level
 Kiss of Death            Conj/Necr      100%       2d13      1%          1
 Passwall                 Tmut/Erth      38%        N/A       1%          2
 Animate Armour           Summ/Erth      88%        N/A       3%          4
 Petrify                  Tmut/Erth      46%        N/A       3%          4
 Necrotise                Necr           52%        1d6       4%          1
 Confusing Touch          Hex            13%        N/A       14%         3
 Summon Guardian Golem    Hex/Summ       13%        N/A       14%         3
 Iron Shot                Conj/Erth      29%        9d6       14%         6
 Dispel Undead            Necr           13%        3d9       41%         4
 Blade Hands              Tmut           8%         N/A       67%         5
 Orb of Destruction       Conj           24%        9d9       93%         7
 Spellforged Servitor     Conj/Summ      15%        N/A       100%        7


Dungeon Overview and Level Annotations

Branches:
Dungeon (12/15)            Temple (1/1) D:4            Lair (0/5) D:11
    Orc (0/2) D:9

Altars:
Ashenzari
Cheibriados
Dithmenos
Elyvilon
Fedhas
Gozag
Hepliaklqana
Kikubaaqudgha
Makhleb
Nemelex Xobeh
Okawaru
Qazlal
Ru
Sif Muna
Trog
Uskayaw
Vehumet
Wu Jian
Xom
Yredelemnul
Zin
The Shining One

Shops:
D:5 =

Annotations:
D:12 Jorgrun


Innate Abilities, Weirdness & Mutations

You are immune to sickness and miasma.
Your stone body is resilient. (AC +8)
You are immune to poison.
You resist negative energy. (rN+)
You are resistant to electric shocks. (rElec)
You are resistant to unholy torment.
You are immune to petrification.


Message History

You now have 727 gold pieces (gained 24).
Found a hide-covered altar of Uskayaw.
Found a runed translucent door.
You open the door.
The +2 demon trident of draining closely misses you.
The +2 demon trident of draining barely misses you.
The +2 demon whip of pain attacks as you move away!
The +2 demon whip of pain hits you! x2
The +2 demon whip of pain attacks as you move away!
The +2 demon whip of pain hits you but does no damage.
The +2 demon whip of pain closely misses you.
Casting: Stone Arrow (safe; 1% risk of failure)
Confirm with . or Enter, or press ? or * to list all spells.
Aiming: Stone Arrow (safe; 1% risk of failure)
Press: ? - help, Shift-Dir - straight line, f - +2 demon whip of pain
Aim: a +2 demon whip of pain (50% to hit)
The stone arrow misses the +2 demon whip of pain.
The +2 demon whip of pain closely misses you.
The +2 demon trident of draining hits you from afar.
Unknown command.
Unknown command.
Casting: Stone Arrow (safe; 1% risk of failure)
Confirm with . or Enter, or press ? or * to list all spells.
Aiming: Stone Arrow (safe; 1% risk of failure)
Press: ? - help, Shift-Dir - straight line, f/p - +2 demon whip of pain
Aim: a +2 demon whip of pain (50% to hit)
The stone arrow hits the +2 demon whip of pain!!
The +2 demon whip of pain is almost destroyed.
The +2 demon whip of pain hits you!
The +2 demon trident of draining hits you from afar!
The +2 demon whip of pain hits you but does no damage.
The +2 demon trident of draining hits you from afar!
* * * LOW HITPOINT WARNING * * *
Casting: Stone Arrow (safe; 1% risk of failure)
Confirm with . or Enter, or press ? or * to list all spells.
Aiming: Stone Arrow (safe; 1% risk of failure)
Press: ? - help, Shift-Dir - straight line, f/p - +2 demon whip of pain
Aim: a +2 demon whip of pain (severely damaged, 50% to hit)
The stone arrow misses the +2 demon whip of pain.
The +2 demon whip of pain hits you!
You die...

######## #......#
#########......###
.................#
.##############..#
.+....# .....##..#
.#....# .(....##@#
.#....# ......##(#
.#....# .._...'(.#
.#....# ......####
.#'##+# ......#
......# .....#
#.....#######
##'###.†....#
.....#......#


You could see 2 dancing weapons.

Vanquished Creatures
  Josephine (D:11)
  3 two-headed ogres
  Urug (D:11)
  A deep elf pyromancer (D:12)
  2 cyclopes (D:11)
  An ugly thing (D:12)
  A gargoyle (D:11)
  2 unseen horrors
  An efreet (D:9)
  2 komodo dragons
  3 trolls
  A shadow (D:12)
  A vampire (D:10)
  6 wraiths
  5 wyverns
  21 yaks
  A steam dragon (D:10)
  5 vampire mosquitoes (D:12)
  2 water moccasins
  An ice beast (D:7)
  A sky beast (D:7)
  2 black bears
  2 ogres
  2 centaurs
  2 phantoms (D:5)
  3 kobold brigands
  3 bullfrogs
  2 scorpions
  9 wights
  19 killer bees
  2 howler monkeys
  3 hounds
  5 orc priests
  A jelly (D:6)
  2 gnoll boudas
  Terence (D:3)
  2 iguanas (D:4)
  10 orc wizards
  Robin (D:2)
  6 gnolls
  5 adders
  A shadow imp (D:5)
  An ufetubus (D:7)
  2 worms
  34 orcs
  3 ball pythons
  4 bats
  3 endoplasms
  3 giant cockroaches
  13 goblins
  5 hobgoblins
  3 quokkas
  A frilled lizard (D:2)
  26 kobolds
  4 rats
247 creatures vanquished.

Vanquished Creatures (others)
  26 plants (D:11)
26 creatures vanquished.

Grand Total: 273 creatures vanquished

Notes
Turn   | Place    | Note
-------+----------+-------------------------------------------
     0 | D:1      | bmj180 the Gargoyle Earth Elementalist began the quest for
                  | the Orb.
     0 | D:1      | Reached XP level 1. HP: 10/10 MP: 3/3
   125 | D:1      | Reached XP level 2. HP: 16/16 MP: 0/5
   588 | D:2      | Noticed Robin
   649 | D:1      | Reached skill level 4 in Earth Magic
   650 | D:1      | Reached XP level 3. HP: 15/20 MP: 2/6
   696 | D:1      | Reached skill level 1 in Fighting
   758 | D:2      | Found a hazy altar of Hepliaklqana.
   769 | D:2      | Killed Robin
  1102 | D:2      | You fall into a shaft and drop 2 floors!
  1132 | D:4      | Found a burning altar of Makhleb.
  1246 | D:4      | Reached skill level 1 in Conjurations
  1246 | D:4      | Reached XP level 4. HP: 12/25 MP: 2/7
  1317 | D:4      | Found a staircase to the Ecumenical Temple.
  1339 | Temple   | Entered the Ecumenical Temple
  1546 | D:4      | Noticed a black bear
  1552 | D:4      | Killed a black bear
  1553 | D:4      | Reached skill level 1 in Armour
  1553 | D:4      | Reached skill level 5 in Earth Magic
  1553 | D:4      | Reached XP level 5. HP: 29/29 MP: 3/9
  1847 | D:4      | Reached XP level 6. HP: 34/34 MP: 7/10
  2039 | D:3      | Noticed Terence
  2314 | D:2      | Identified the amulet "Vugaliap" {rF+ rC+ Regen+}
  2574 | D:3      | Identified the +3 flail of Valour {venom, Dex+2}
  2823 | D:3      | Reached skill level 1 in Maces & Flails
  3025 | D:5      | Entered Level 5 of the Dungeon
  3128 | D:5      | Reached skill level 1 in Throwing
  3130 | D:5      | Reached skill level 6 in Earth Magic
  3165 | D:5      | Reached XP level 7. HP: 38/38 MP: 5/12
  3583 | D:5      | Noticed a yak
  3583 | D:5      | Noticed a yak
  3678 | D:4      | Learned a level 3 spell: Stone Arrow
  3879 | D:5      | Found Lilomnee's Jewellery Shoppe.
  4228 | D:5      | Reached XP level 8. HP: 43/45 MP: 7/15
  4297 | D:5      | Noticed a yak
  4298 | D:5      | Noticed a yak
  4298 | D:5      | Noticed a yak
  4299 | D:5      | Noticed a yak
  4322 | D:5      | Killed a yak
  4323 | D:5      | Reached skill level 7 in Earth Magic
  4381 | D:5      | Killed a yak
  4382 | D:5      | Reached skill level 5 in Spellcasting
  4412 | D:5      | Killed a yak
  4418 | D:4      | Killed a yak
  4639 | D:4      | Killed a yak
  4643 | D:4      | Killed a yak
  4644 | D:4      | Reached XP level 9. HP: 45/51 MP: 0/17
  4961 | D:3      | Killed Terence
  4962 | D:3      | Reached skill level 8 in Earth Magic
  5825 | D:6      | Found a glowing golden altar of the Shining One.
  6080 | D:6      | Found a blossoming altar of Fedhas.
  6088 | D:6      | Found a broken altar of Ashenzari.
  6095 | D:6      | Found a bloodstained altar of Trog.
  6102 | D:6      | Found a sparkling altar of Nemelex Xobeh.
  6107 | D:6      | Found a stormy altar of Qazlal.
  6114 | D:6      | Found a basalt altar of Yredelemnul.
  6120 | D:6      | Found a hide-covered altar of Uskayaw.
  6575 | D:6      | Reached skill level 9 in Earth Magic
  6811 | D:7      | Reached XP level 10. HP: 56/56 MP: 2/20
  7622 | D:7      | Reached skill level 10 in Earth Magic
  7890 | D:7      | Found an ornate altar of the Wu Jian Council.
  8466 | D:8      | Reached skill level 1 in Evocations
  8853 | D:9      | Noticed a two-headed ogre
  8860 | D:9      | Killed a two-headed ogre
  8861 | D:9      | Reached skill level 5 in Armour
  8990 | D:9      | Reached skill level 5 in Conjurations
  9160 | D:9      | Found a staircase to the Orcish Mines.
  9315 | D:9      | Reached XP level 11. HP: 62/62 MP: 5/22
  9460 | D:9      | Found a radiant altar of Vehumet.
  9464 | D:9      | Found a shimmering blue altar of Sif Muna.
  9464 | D:9      | Found an ancient bone altar of Kikubaaqudgha.
  9471 | D:9      | Became a worshipper of Vehumet
  9481 | D:9      | Got Kikubaaqudgha's Quarto of Sinister Deeds
  9738 | D:10     | Entered Level 10 of the Dungeon
 10102 | D:10     | Reached skill level 5 in Maces & Flails
 10119 | D:10     | Reached * piety under Vehumet
 10119 | D:10     | Offered knowledge of Foxfire by Vehumet.
 10586 | D:10     | Learned a level 1 spell: Foxfire
 10787 | D:11     | Noticed Urug
 10792 | D:11     | Killed Urug
 10793 | D:11     | Reached skill level 11 in Earth Magic
 10966 | D:11     | Reached skill level 1 in Fire Magic
 11005 | D:11     | Noticed a cyclops
 11009 | D:11     | Killed a cyclops
 11146 | D:11     | Noticed a cyclops
 11150 | D:11     | Killed a cyclops
 11364 | D:11     | Found a staircase to the Lair.
 11367 | D:11     | Noticed Josephine
 11384 | D:11     | Reached skill level 5 in Fighting
 11567 | D:11     | Killed Josephine
 12001 | D:12     | Noticed a deep elf pyromancer
 12010 | D:12     | Killed a deep elf pyromancer
 12011 | D:12     | Reached XP level 12. HP: 68/68 MP: 3/25
 12702 | D:12     | Noticed a two-headed ogre
 12706 | D:12     | Killed a two-headed ogre
 12707 | D:12     | Reached skill level 12 in Earth Magic
 12781 | D:12     | Noticed Jorgrun
 12848 | D:12     | Noticed a two-headed ogre
 12853 | D:12     | Killed a two-headed ogre
 12854 | D:12     | Reached skill level 10 in Spellcasting
 12940 | D:12     | Found a runed translucent door.
 12940 | D:12     | Found a hide-covered altar of Uskayaw.
 12940 | D:12     | Noticed a +2 demon whip of pain
 12947 | D:12     | Slain by a +2 demon whip of pain

Illustrated notes

Levels and vault maps discovered:
D:1:      lightli_arrival_lavapool, layout_rooms, kennysheep_minor_cross
D:2:      layout_basic, basic_altar, corexii_item_surrounded_by_moat, uniq_robin
D:3:      layout_basic, uniq_terence
D:4:      layout_gridville, nicolae_overflow_crystal_walls,
          minmay_temple_entry_arrows, hangedman_abyss_or_decor_stabs
D:5:      layout_basic, serial_shops, nicolae_diamond_shop
D:6:      layout_basic, lemuel_round_altar, grunt_temple_overflow_octagram
D:7:      layout_cave_pods, nzn_wu_jian_council_hall
D:8:      layout_rooms
D:9:      layout_basic, grunt_temple_overflow_magic_moments, orc_0_dummy,
          nicolae_elevator_lobby_asterisk
D:10:     layout_roguey
D:11:     layout_loops_corners, david_lair_shrubbed, uniq_urug, uniq_josephine
D:12:     layout_irregular_city, nicolae_danse_macabre, uniq_jorgrun
Temple:   kb_temple_of_zot

Skill      XL: |  1  2  3  4  5  6  7  8  9 10 11 12 |
---------------+-------------------------------------+-----
Earth Magic    | 4 5 6 7 9 10 11 12 | 12.1
Fighting       | 1 2 3 4 5 |  5.3
Conjurations   | 1 2 3 4 5 6 |  6.8
Armour         | 1 2 3 4 5 6 |  6.2
Spellcasting   | 3 4 5 6 7 9 10 | 10.0
Maces & Flails | 1 2 3 4 5 |  5.7
Throwing       | 1 2 3 4 |  4.0
Dodging        | 2 3 |  3.1
Evocations     | 1 2 |  2.9
Stealth        | 3 |  3.2
Fire Magic     | 2 |  2.8
Transmutations | |  0.7

Action                     |  1- 3 |  4- 6 |  7- 9 | 10-12 || total
---------------------------+-------+-------+-------+-------++-------
  Melee: Dagger            |    13 |       |       |       ||    13
         Mace              |     4 |    10 |       |       ||    14
         Morningstar       |       |       |    35 |    22 ||    57
         Eveningstar       |       |       |       |     4 ||     4
   Cast: Sandblast         |    51 |    66 |    91 |    91 ||   299
         Stone Arrow       |       |       |    48 |   161 ||   209
  Evoke: Wand              |       |       |       |     1 ||     1
    Use: Potion            |       |       |     2 |       ||     2
         Scroll            |       |       |       |    21 ||    21
 Armour: Robe              |    17 |       |       |       ||    17
         Animal skin       |     7 |    54 |    83 |   153 ||   297
  Dodge: Dodged            |    35 |    54 |    91 |   201 ||   381

Table legend: (Time is in decaauts)
 A = Elapsed time spent in this place.
 B = Non-inter-level travel time spent in this place.
 C = Inter-level travel time spent in this place.
 D = Time resting spent in this place.
 E = Time spent auto-exploring this place.
 F = Levels seen in this place.
 G = Mean time per level.
                   A        B        C        D        E       F      G
               +--------+--------+--------+--------+--------+-----+--------+
         Total |  13174 |  12553 |    621 |   1437 |   8535 |  13 | 1013.4 |
       Dungeon |  13074 |  12458 |    616 |   1437 |   8456 |  12 | 1089.5 |
        Temple |     99 |     94 |      5 |      0 |     79 |   1 |   99.0 |
               +--------+--------+--------+--------+--------+-----+--------+

Top non-repeatable levels by time:
     D:6: 1710 daAuts
     D:4: 1580 daAuts
     D:7: 1537 daAuts
    D:11: 1311 daAuts
     D:5: 1270 daAuts
     D:9: 1219 daAuts
    D:12: 952 daAuts
     D:2: 816 daAuts
     D:1: 795 daAuts
    D:10: 748 daAuts
     D:3: 590 daAuts
     D:8: 543 daAuts
  Temple: 99 daAuts
